 Dungeon Crawl Stone Soup version 0.16-a0-253-g996e5b4 (console) character file.

130 Kellhus the Ruinous (level 5, 31/31 HPs)
             Began as an Octopode Wizard on Aug 23, 2014.
             Quit the game on Level 3 of the Dungeon.
             The game lasted 00:03:05 (3268 turns).

Kellhus the Ruinous (Octopode Wizard)               Turns: 3268, Time: 00:03:06

HP  31/31        AC  1     Str  6      XL: 5   Next: 13%
MP  11/11        EV 12     Int 21      God:
Gold 107         SH  0     Dex 11      Spells:  1 memorised,  9 levels left

rFire  . . .     SeeInvis .     k - +2 dagger (holy)
rCold  . . .     Clarity  .     (no shield)
rNeg   . . .     rCorr    .     b - +0 hat
rPois  .         rRot     .     (no amulet)
rElec  .         Spirit   .     (no ring)
SustAb .         Warding  .     (no ring)
rMut   .         Stasis   .     (no ring)
Gourm  .                        (no ring)
MR     .....                    (no ring)
                                (no ring)
                                (no ring)
                                (no ring)

@: not resistant to hostile enchantments, fairly stealthy
A: almost no armour, amphibious, 8 rings, constrict 8, camouflage 1, gelatinous
body 1
a: no special abilities


You were on level 3 of the Dungeon.
You were near starving.

You visited 1 branch of the dungeon, and saw 3 of its levels.

You collected 107 gold pieces.

Inventory:

Hand weapons
 k - a +2 dagger of holy wrath (weapon)
Armour
 b - a +0 hat (worn)
Magical devices
 l - a wand of enslavement (10)
Comestibles
 d - 2 bread rations
 g - a beef jerky
Scrolls
 a - 3 scrolls of amnesia {unknown}
 e - 3 scrolls of identify {unknown}
 f - a scroll of fear {unknown}
 h - a scroll of magic mapping {unknown}
 j - 5 scrolls of enchant armour {unknown}
 m - a scroll of remove curse {unknown}
 n - a scroll of fog {unknown}
Potions
 i - a potion of curing {unknown}
Books
 c - a book of Minor Magic

   Spells                             Type                      Level
   *Magic Dart                        Conjuration                  1
   Blink                              Translocation                2
   Call Imp                           Summoning                    2
   Repel Missiles                     Charms/Air                   2
   Slow                               Hexes                        2
   Conjure Flame                      Conjuration/Fire             3
   Mephitic Cloud                     Conjuration/Poison/Air       3


   Skills:
 - Level 2.0 Dodging
 - Level 2.6 Stealth
 - Level 3.0 Spellcasting
 + Level 4.8 Conjurations
   Level 1.0 Summonings
   Level 1.0 Translocations


You had 9 spell levels left.
You knew the following spells:

 Your Spells              Type           Power        Failure   Level  Hunger
a - Magic Dart            Conj           ###.         1%          1    None


Dungeon Overview and Level Annotations

Branches:
Dungeon (3/15)

Altars:
Qazlal
The Shining One


Innate Abilities, Weirdness & Mutations

You cannot wear most types of armour.
You are amphibious.
You can wear up to eight rings at the same time.
You can use your tentacles to constrict many enemies at once.
Your skin changes colour to match your surroundings (Stealth).
Your rubbery body absorbs attacks (AC +1).


Message History

Aiming: Magic Dart
Press: ? - help, Shift-Dir - straight line, f/p - Natasha
Aim: Natasha (severely wounded)
The magic dart hits Natasha.
You kill Natasha!
Natasha screams in fury as she dies!
You have reached level 5!
You feel agile.
You start resting.
You are feeling very hungry.
You start resting.
Magic restored.
You start resting.
You open the door.
There is an open door here.
Found a stone staircase leading up.
HP restored.
Found a dagger.
There is an open door here.
You are near starving!
Are you sure you want to abandon this character and quit the game? (Confirm with "yes".)

#...............#.#####
##.#####.########.#....
#.......# #.#....
######### #.#....
#.#.... #########
#.'.)..
#.......##########.#[...
#.....<.'...............
#......@############....
#.......# ###.#
#.......# #.# #.......#
#.# #...)...# #..
######## ###


There were no monsters in sight!

Vanquished Creatures
  Natasha (D:3)
  Ijyb (D:2)
  Jessica (D:2)
  An adder (D:2)
  2 worms (D:2)
  4 giant geckos
  A ball python (D:1)
  7 bats
  3 giant cockroaches
  7 hobgoblins
  6 kobolds
  A quokka (D:3)
  4 giant newts
  3 goblins
  3 rats
45 creatures vanquished.

Notes
Turn   | Place    | Note
--------------------------------------------------------------
     0 | D:1      | Kellhus, the Octopode Wizard, began the quest for the Orb.
     0 | D:1      | Reached XP level 1. HP: 11/11 MP: 4/4
   240 | D:1      | Reached XP level 2. HP: 17/17 MP: 1/6
  1429 | D:2      | Noticed Jessica
  1437 | D:2      | Killed Jessica
  1437 | D:2      | Reached XP level 3. HP: 3/21 MP: 0/7
  1617 | D:2      | Noticed Ijyb
  1804 | D:2      | Killed Ijyb
  1804 | D:2      | Reached XP level 4. HP: 20/27 MP: 0/9
  1929 | D:2      | Reached skill level 4 in Conjurations
  1965 | D:2      | Found a glowing golden altar of the Shining One.
  2827 | D:3      | Found a stormy altar of Qazlal.
  3083 | D:3      | Noticed Natasha
  3088 | D:3      | Killed Natasha
  3088 | D:3      | Reached XP level 5. HP: 13/31 MP: 4/11
  3268 | D:3      | Quit the game

Action                   |  1- 3 |  4- 6 || total
-------------------------+-------+-------++-------
Melee: Unarmed           |    11 |       ||    11
       Dagger            |     8 |     3 ||    11
 Cast: Magic Dart        |    63 |    44 ||   107
Evoke: Wand              |     5 |       ||     5
  Use: Potion            |     3 |       ||     3
  Eat: Bread ration      |     1 |       ||     1
       Chunk             |       |     1 ||     1
